 Dungeon Crawl Stone Soup version 0.29.1-13-g9f3cf754e1 (webtiles) character file.

Game seed: 12793125139551734867

659 leafyfresh the Covert (level 7, -5/60 HPs)
             Began as a Gnoll Delver on Feb 4, 2023.
             Was an Initiate of Ru.
             Slain by an ice beast (12 damage)
             ... on level 5 of the Dungeon.
             The game lasted 00:10:20 (3826 turns).

leafyfresh the Covert (Gnoll Delver)                Turns: 3826, Time: 00:10:21

Health: -5/60      AC:  5    Str: 12    XL:     7   Next: 55%
Magic:  11/11      EV: 14    Int:  9    God:    Ru [......]
Gold:   245        SH:  0    Dex: 15    Spells: 7/11 levels left

rFire   . . .      SeeInvis +   e - +1 spear (venom)
rCold   . . .      Faith    .   (no shield)
rNeg    . . .      Spirit   .   b - +0 leather armour
rPois   .          Reflect  .   o - +1 helmet
rElec   .          Harm     .   (no cloak)
rCorr   .          Rampage  .   (no gloves)
Will    .....                   (no boots)
Stlth   ++++......              a - amulet of regeneration
HPRegen 1.00/turn               h - ring of see invisible
MPRegen 0.12/turn               x - ring of wizardry

@: no status effects
A: fangs 1, strong nose, distributed training
a: Renounce Religion


You were on level 5 of the Dungeon.
You worshipped Ru.
Ru was noncommittal.
You visited 1 branch of the dungeon, and saw 6 of its levels.

You collected 245 gold pieces.

Inventory:

Hand Weapons
 e - a +1 spear of venom (weapon)
 m - a +0 whip of electrocution
Armour
 b - a +0 leather armour (worn)
 o - a +1 helmet (worn)
Jewellery
 a - an amulet of regeneration (around neck)
 h - a ring of see invisible (left hand)
 x - a ring of wizardry (right hand)
Wands
 g - a wand of digging (3)
 v - a wand of paralysis (1)
Scrolls
 d - 2 scrolls of magic mapping
 i - 2 scrolls of teleportation {unknown}
 j - a scroll of poison
 k - 2 scrolls of vulnerability {unknown}
 l - a scroll of fear
 n - a scroll of enchant armour {unknown}
 r - a scroll of blinking {unknown}
 t - 3 scrolls of identify
 w - 2 scrolls of immolation {unknown}
Potions
 f - a potion of haste
 p - 2 potions of magic {unknown}
 q - 3 potions of degeneration {unknown}
 s - a potion of resistance {unknown}
 u - 3 potions of curing {unknown}
 z - a potion of mutation {unknown}


   Skills:
 + Level 7.1 Fighting
 + Level 5.3 Short Blades
 + Level 2.6 Long Blades
 + Level 2.6 Axes
 + Level 2.6 Maces & Flails
 + Level 2.6 Polearms
 + Level 2.6 Staves
 + Level 2.6 Ranged Weapons
 + Level 2.6 Throwing
 + Level 2.6 Armour
 + Level 5.3 Dodging
 + Level 10.0 Stealth
 + Level 2.6 Shields
 + Level 2.6 Unarmed Combat
 + Level 2.6 Spellcasting
 + Level 2.1 Conjurations
 + Level 2.1 Hexes
 + Level 2.1 Summonings
 + Level 2.1 Necromancy
 + Level 2.1 Translocations
 + Level 2.1 Transmutations
 + Level 2.1 Fire Magic
 + Level 2.1 Ice Magic
 + Level 2.1 Air Magic
 + Level 2.1 Earth Magic
 + Level 2.1 Poison Magic
 + Level 3.0 Invocations
 + Level 2.6 Evocations


You had 7 spell levels left.
You knew the following spells:

 Your Spells              Type           Power      Damage    Failure   Level
a - Sting                 Tmut/Pois      20%        1d4       6%          1
b - Summon Guardian Gole  Hex/Summ       5%         N/A       19%         3

Your spell library contained the following spells:

 Spells                   Type           Power      Damage    Failure   Level
 Blade Hands              Tmut           2%         N/A       85%         5
 Eringya's Noxious Bog    Tmut/Pois      2%         N/A       100%        6
 Orb of Destruction       Conj           2%         9d5       100%        7
 Spellforged Servitor     Conj/Summ      2%         N/A       100%        7


Dungeon Overview and Level Annotations

Branches:
Dungeon (6/15)
 Temple: D:4-7

Altars:
Ru
Wu Jian


Innate Abilities, Weirdness & Mutations

You have very sharp teeth.
Your uncanny sense of smell can sniff out nearby items.
Your experience applies equally to all skills.


Message History

The ice beast hits you but does no damage.
You barely miss the ice beast.
The ice beast is heavily wounded.
The ice beast completely misses you.
You hit the ice beast but do no damage.
You bite the ice beast, but do no damage.
The ice beast is heavily wounded.
The ice beast hits you. The ice beast freezes you!
You hit the ice beast but do no damage. Your bite misses the ice beast.
The ice beast is heavily wounded.
The ice beast misses you.
You closely miss the ice beast.
The ice beast is heavily wounded.
You hit the ice beast.
The ice beast is poisoned.
The ice beast is heavily wounded.
The ice beast hits you. The ice beast freezes you!
You barely miss the ice beast.
The ice beast is heavily wounded.
The ice beast hits you but does no damage.
You hit the ice beast but do no damage.
The ice beast is heavily wounded.
The ice beast hits you. The ice beast freezes you!
You closely miss the ice beast.
The ice beast is heavily wounded.
The ice beast barely misses you.
You hit the ice beast. Your bite misses the ice beast.
The ice beast is severely wounded.
The ice beast hits you but does no damage.
You hit the ice beast.
The ice beast is severely wounded.
The ice beast hits you but does no damage.
You hit the ice beast.
The ice beast is almost dead.
The ice beast hits you. The ice beast freezes you!
* * * LOW HITPOINT WARNING * * *
Unknown command.
The ice beast attacks as you move away! The ice beast hits you.
* * * LOW HITPOINT WARNING * * *
The ice beast freezes you!
You die...

#####.........####...............
.#...........##........#.##.#..
#..............#.......##<.###..
#.......................##..###..
#.........(..................##..
##.................(.........#...
...?.#...........................
.....##...).......##....###...(..
... ##.#.....##@##....#####..#..
## #....)...##.Y#..............
#...........................
##........................##
##.#.....#................#
#####..##<.........(....##
#####.................
##.....##.........
##...........#...


You could see an ice beast (poisoned).

Vanquished Creatures
  An ice beast (D:3)
  An ogre (D:4)
  A phantom (D:4)
  2 scorpions
  A howler monkey (D:4)
  3 hounds
  3 orc wizards
  2 adders
  3 worms
  A dart slug (D:3)
  3 orcs (D:4)
  A ball python (D:3)
  3 endoplasms
  3 giant cockroaches
  5 goblins
  4 hobgoblins
  6 jackals (D:2)
  3 quokkas
  6 bats
  A frilled lizard (D:1)
  9 kobolds
  A rat (D:2)
63 creatures vanquished.

Notes
Turn   | Place    | Note
-------+----------+-------------------------------------------
     0 | D:5      | Reached skill level 9 in Stealth
     0 | D:5      | leafyfresh the Gnoll Delver began the quest for the Orb.
     0 | D:5      | Reached XP level 1. HP: 23/23 MP: 1/1
     3 | D:5      | Noticed an orc priest
    60 | D:4      | Noticed a hound
    68 | D:4      | Noticed a scorpion
   318 | D:2      | Reached XP level 2. HP: 29/29 MP: 2/2
   786 | D:1      | Reached XP level 3. HP: 35/35 MP: 3/3
   798 | D:1      | You fall into a shaft and drop 1 floor!
   798 | D:2      | Found a sacrificial altar of Ru.
   919 | D:2      | Became a worshipper of Ru the Awakened
   971 | D:2      | Reached skill level 1 in Invocations
  1795 | D:3      | Reached skill level 1 in Long Blades
  1795 | D:3      | Reached skill level 1 in Axes
  1795 | D:3      | Reached skill level 1 in Maces & Flails
  1795 | D:3      | Reached skill level 1 in Polearms
  1795 | D:3      | Reached skill level 1 in Staves
  1795 | D:3      | Reached skill level 1 in Ranged Weapons
  1795 | D:3      | Reached skill level 1 in Throwing
  1795 | D:3      | Reached skill level 1 in Armour
  1795 | D:3      | Reached skill level 1 in Shields
  1795 | D:3      | Reached skill level 1 in Unarmed Combat
  1795 | D:3      | Reached skill level 1 in Spellcasting
  1795 | D:3      | Reached skill level 1 in Evocations
  2207 | D:3      | Noticed an ice beast
  2211 | D:3      | Got Asussor's Vellum of Transfiguration
  2314 | D:3      | Killed an ice beast
  2315 | D:3      | Reached skill level 1 in Conjurations
  2315 | D:3      | Reached skill level 1 in Hexes
  2315 | D:3      | Reached skill level 1 in Summonings
  2315 | D:3      | Reached skill level 1 in Necromancy
  2315 | D:3      | Reached skill level 1 in Translocations
  2315 | D:3      | Reached skill level 1 in Transmutations
  2315 | D:3      | Reached skill level 1 in Fire Magic
  2315 | D:3      | Reached skill level 1 in Ice Magic
  2315 | D:3      | Reached skill level 1 in Air Magic
  2315 | D:3      | Reached skill level 1 in Earth Magic
  2315 | D:3      | Reached skill level 1 in Poison Magic
  2315 | D:3      | Reached XP level 4. HP: 41/41 MP: 4/6
  2315 | D:3      | Reached XP level 5. HP: 47/47 MP: 4/7
  2684 | D:4      | Noticed an ogre
  2840 | D:3      | Learned a level 1 spell: Sting
  2889 | D:4      | Killed an ogre
  2890 | D:4      | Reached skill level 5 in Short Blades
  2890 | D:4      | Reached skill level 5 in Dodging
  2890 | D:4      | Reached XP level 6. HP: 34/53 MP: 4/9
  3097 | D:4      | Reached XP level 7. HP: 52/59 MP: 10/10
  3106 | D:4      | Learned a level 3 spell: Summon Guardian Golem
  3185 | D:4      | Found an ornate altar of the Wu Jian Council.
  3664 | D:5      | Reached skill level 10 in Stealth
  3826 | D:5      | Slain by an ice beast

Illustrated notes

Levels and vault maps discovered:
D:1:      saegor_arrival_fortress, layout_basic, ebering_ecumenical_altar_mist
D:2:      layout_basic, basic_altar
D:3:      layout_basic
D:4:      layout_cave_pools, mainiacjoe_overflow_paths,
          minmay_misc_feat_columns, serial_park_tiny_2, minmay_bisected
D:5:      layout_cave_pools, kennysheep_opposing_triangles
D:6:      layout_cave_pools, nicolae_hepliaklqana_monster_ancestors,
          jmf_multi_god_temple2, serial_shops, nicolae_shop_statue_plus,
          shop_fountains, shop, shop_fountains,
          nicolae_shop_temple_entry_statues_fountains

Skill      XL: |  1  2  3  4  5  6  7 |
---------------+----------------------+-----
Stealth        | 10 | 10.0
Invocations    | 1 2 3 |  3.0
Long Blades    | 1 2 |  2.6
Axes           | 1 2 |  2.6
Maces & Flails | 1 2 |  2.6
Polearms       | 1 2 |  2.6
Staves         | 1 2 |  2.6
Ranged Weapons | 1 2 |  2.6
Throwing       | 1 2 |  2.6
Armour         | 1 2 |  2.6
Shields        | 1 2 |  2.6
Unarmed Combat | 1 2 |  2.6
Spellcasting   | 1 2 |  2.6
Evocations     | 1 2 |  2.6
Conjurations   | 1 2 |  2.1
Hexes          | 1 2 |  2.1
Summonings     | 1 2 |  2.1
Necromancy     | 1 2 |  2.1
Translocations | 1 2 |  2.1
Transmutations | 1 2 |  2.1
Fire Magic     | 1 2 |  2.1
Ice Magic      | 1 2 |  2.1
Air Magic      | 1 2 |  2.1
Earth Magic    | 1 2 |  2.1
Poison Magic   | 1 2 |  2.1
Short Blades   | 5 |  5.3
Dodging        | 5 |  5.3
Fighting       | 7 |  7.1

Action                   |  1- 3 |  4- 6 |  7- 9 || total
-------------------------+-------+-------+-------++-------
Melee: Short sword       |    52 |       |       ||    52
       Bite              |     9 |    10 |     6 ||    25
       Whip              |    63 |    51 |       ||   114
       Spear             |       |    20 |    77 ||    97
       Punch             |       |       |     1 ||     1
 Cast: Sting             |       |     3 |     1 ||     4
       Summon Guardian G |       |       |     1 ||     1
Invok: Reject Sacrifices |       |     1 |       ||     1
  Use: Scroll            |     1 |       |     3 ||     4
 Stab: Sleeping          |    14 |     5 |     2 ||    21
Armor: Leather armour    |    34 |    28 |    26 ||    88
Dodge: Dodged            |    79 |    56 |    64 ||   199
